 Dungeon Crawl Stone Soup version 0.29-a0-360-g8ed1089bbe (webtiles) character file.

Game seed: 10070031549091307662

7 Hubjo the Firebug (level 1, 0/11 HPs)
             Began as a Deep Elf Fire Elementalist on Apr 28, 2022.
             Slain by a jackal (1 damage)
             ... on level 1 of the Dungeon.
             The game lasted 00:00:28 (148 turns).

Hubjo the Firebug (Deep Elf Fire Elementalist)       Turns: 148, Time: 00:00:28

Health: 0/11       AC:  2    Str:  5    XL:     1   Next: 91%
Magic:  1/6        EV: 12    Int: 19    God:
Gold:   11         SH:  0    Dex: 15    Spells: 5/6 levels left

rFire   . . .      SeeInvis .   (no weapon)
rCold   . . .      Faith    .   (no shield)
rNeg    . . .      Spirit   .   a - +0 robe
rPois   .          Reflect  .   (no helmet)
rElec   .          Harm     .   (no cloak)
rCorr   .          Rampage  .   (no gloves)
Will    .....                   (no boots)
Stlth   ++........              (no amulet)
HPRegen 0.03/turn               (no ring)
MPRegen 0.10/turn               (no ring)

@: no status effects
A: no striking features
a: no special abilities


You were on level 1 of the Dungeon.
You visited 1 branch of the dungeon, and saw 1 of its levels.

You collected 11 gold pieces.

Inventory:

Armour
 a - a +0 robe (worn)
Potions
 b - a potion of magic


   Skills:
 * Level 0.6 Fighting
 - Level 2.4 Dodging
 + Level 2.6 Stealth
 + Level 3.1 Spellcasting
 - Level 1.1 Conjurations
 + Level 3.4 Fire Magic


You had 5 spell levels left.
You knew the following spells:

 Your Spells              Type           Power      Damage    Failure   Level
a - Foxfire               Conj/Fire      44%        2x1d6     6%          1

Your spell library contained the following spells:

 Spells                   Type           Power      Damage    Failure   Level
 Scorch                   Fire           32%        2d6       5%          2
 Conjure Flame            Conj/Fire      11%        6-21      19%         3
 Inner Flame              Hex/Fire       9%         N/A       22%         3
 Flame Wave               Conj/Fire      11%        2d5       52%         4


Dungeon Overview and Level Annotations

Branches:
Dungeon (1/15)

Altars:


Message History

Found 10 gold pieces.
You conjure some foxfire!
The foxfire hits the bat.
You kill the bat!
Found a stone staircase leading down.
You conjure some foxfire!
The foxfire hits the jackal.
The jackal is almost dead.
Your foxfire dissipates!
The foxfire hits the jackal.
You kill the jackal!
The jackal barks!
You hear a bark!
You hear a shout!
A rat and a hobgoblin come into view.
The hobgoblin moves out of view.
You conjure some foxfire!
A jackal comes into view.
The rat bites you.
Your foxfire dissipates!
The foxfire hits the rat.
The rat is severely wounded.
The rat attacks as you move away! The rat closely misses you.
A ball python comes into view.
The rat bites you.
You conjure some foxfire!
The rat bites you.
The foxfire hits the rat.
You kill the rat!
The foxfire hits the jackal.
The jackal is heavily wounded.
You conjure some foxfire!
The jackal closely misses you. The jackal barely misses you.
The jackal attacks as you move away! The jackal bites you.
The foxfire hits the jackal.
You kill the jackal!
The foxfire hits the hobgoblin but does no damage.
The hobgoblin attacks as you move away!
The hobgoblin hits you but does no damage.
You are too injured to fight recklessly!
The hobgoblin hits you.
* * * LOW HITPOINT WARNING * * *
The jackal attacks as you move away! The jackal barely misses you.
The jackal bites you.
You die...

#.# .... #.# ....###
#.## ###..^.# #.†##
...#...# ##..##
#.....## ##Sg#
######....## ##.# #
##..........# #h###..#
............####@...#
...⌠...⌠.....)...##...#
.....>...........# #.#
.....<...........# #
............######
.....∩....#.#
.........##..#
.........###.#
##....##.# #


You could see a jackal, a hobgoblin and a ball python.

Vanquished Creatures
  A hobgoblin (D:1)
  2 jackals (D:1)
  A kobold (D:1)
  A bat (D:1)
  2 rats (D:1)
7 creatures vanquished.

Vanquished Creatures (others)
  24 foxfires (D:1)
24 creatures vanquished.

Grand Total: 31 creatures vanquished

Notes
Turn   | Place    | Note
-------+----------+-------------------------------------------
     0 | D:1      | Hubjo the Deep Elf Fire Elementalist began the quest for
                  | the Orb.
     0 | D:1      | Reached XP level 1. HP: 10/10 MP: 6/6
   148 | D:1      | Slain by a jackal

Illustrated notes

Levels and vault maps discovered:
D:1:      wander_arrival_desolate, layout_rooms,
          hellmonk_ecumenical_altar_defaced_shrine

Action                   || total
-------------------------++-------
 Cast: Foxfire           ||    17
Armor: Robe              ||     1
Dodge: Dodged            ||     4

Table legend: (Time is in decaauts)
 A = Elapsed time spent in this place.
 B = Non-inter-level travel time spent in this place.
 C = Inter-level travel time spent in this place.
 D = Time resting spent in this place.
 E = Time spent auto-exploring this place.
 F = Levels seen in this place.
 G = Mean time per level.
                   A        B        C        D        E       F      G
               +--------+--------+--------+--------+--------+-----+--------+
         Total |    148 |    148 |      0 |      0 |    106 |   1 |  148.0 |
       Dungeon |    148 |    148 |      0 |      0 |    106 |   1 |  148.0 |
               +--------+--------+--------+--------+--------+-----+--------+

Top non-repeatable levels by time:
     D:1: 148 daAuts
